 Dungeon Crawl Stone Soup version 0.20.0-15-g7f486f2 (webtiles) character file.

389 Gorglomux the Skirmisher (level 6, -2/40 HPs)
             Began as a Gargoyle Air Elementalist on June 11, 2017.
             Was an Initiate of Okawaru.
             Slain by an ogre
             ... wielding a +0 giant spiked club
              (21 damage)
             ... on level 4 of the Dungeon.
             The game lasted 00:07:28 (4887 turns).

Gorglomux the Skirmisher (GrAE)                     Turns: 4887, Time: 00:07:28

Health: -2/40      AC:  7    Str: 14    XL:     6   Next: 79%
Magic:  0/9        EV: 11    Int: 15    God:    Okawaru [......]
Gold:   124        SH:  0    Dex: 10    Spells: 8/9 levels left

rFire    . . .     SeeInvis .   B - +1 mace (crush)
rCold    . . .     Gourm    .   (no shield)
rNeg     + . .     Faith    .   D - +0 leather armour
rPois    ∞         Spirit   .   (no helmet)
rElec    +         Reflect  .   (no cloak)
rCorr    .         Harm     .   (no gloves)
MR       .....                  (no boots)
Stlth    ++........             (no amulet)
Regen    0.2/turn               (no ring)
MPRegen  0.2/turn               (no ring)

@: very slightly contaminated
A: negative energy resistance 1, electricity resistance, unbreathing,
petrification resistance, rot immunity, AC +4
a: Renounce Religion


You were on level 4 of the Dungeon.
You worshipped Okawaru.
Okawaru was noncommittal.
You were not hungry.

You visited 2 branches of the dungeon, and saw 5 of its levels.

You collected 124 gold pieces.

Inventory:

Hand Weapons
 e - a +0 club
 w - a +0 hunting sling
 B - a +1 mace of crushing (weapon)
Missiles
 x - 57 stones (quivered)
Armour
 a - a +0 robe
 D - a +0 leather armour (worn)
Scrolls
 s - 2 scrolls of remove curse
 y - a scroll of fear {unknown}
 z - a scroll of noise {unknown}
 E - a scroll of enchant armour {unknown}
 R - 2 scrolls of identify
 T - a scroll of teleportation
Potions
 d - a potion of haste
 g - 2 potions of heal wounds
 k - a potion of magic
 l - a potion of berserk rage {unknown}
 m - 2 potions of mutation {unknown}
 o - 2 potions of might {unknown}
 r - 4 potions of flight {unknown}
 u - 2 potions of curing {unknown}
 v - a potion of lignification {unknown}
 C - a potion of brilliance {unknown}
 U - a potion of resistance {unknown}
Books
 b - a book of Air

   Spells                             Type                      Level
   a - Shock                          Conjuration/Air              1
   b - Swiftness                      Charms/Air                   2
   c - Static Discharge               Conjuration/Air              3
   d - Airstrike                      Air                          4
   e - Lightning Bolt                 Conjuration/Air              5
Comestibles
 c - 2 bread rations
 q - a royal jelly
 S - a chunk of flesh


   Skills:
 + Level 5.0 Fighting
 + Level 4.4 Maces & Flails
 - Level 0.9 Armour
 - Level 1.5 Dodging
 - Level 2.1 Stealth
 - Level 2.0 Spellcasting
 - Level 1.1 Conjurations
 - Level 2.4 Air Magic


You had 8 spell levels left.
You knew the following spells:

 Your Spells              Type           Power        Failure   Level  Hunger
a - Shock                 Conj/Air       #...         13%         1    #......


Dungeon Overview and Level Annotations

Branches:
Dungeon (4/15)             Temple (1/1) D:4

Altars:
Ashenzari
Cheibriados
Dithmenos
Hepliaklqana
Kikubaaqudgha
Makhleb
Okawaru
Ru
Yredelemnul
Zin

Annotations:
D:2 Sigmund


Innate Abilities, Weirdness & Mutations

You are resistant to torment.
Your stone body is resilient. (AC +4)
You are immune to poison.
You resist negative energy. (rN+)
You are resistant to electric shocks. (rElec)
You can survive without breathing.
You are immune to petrification.
You are immune to rotting.


Message History

Confirm with . or Enter, or press ? or * to list all spells.
Aiming: Shock
Press: ? - help, Shift-Dir - straight line, f/p - ogre
Aim: an ogre, wielding a giant spiked club (severely wounded)
The zap hits the hound skeleton.
You destroy the hound skeleton!
Okawaru accepts your kill.
Your Fighting skill increases to level 5!
The zap hits the ogre.
The ogre is almost dead.
The zap hits the worker ant.
The worker ant appears unharmed.
The worker ant is moderately wounded.
You hit the ogre.
The ogre is almost dead.
The ogre hits you with a giant spiked club!
You barely miss the ogre.
The ogre is almost dead.
The ogre hits you with a giant spiked club!!
Ouch! That really hurt!
You die...

###.#### #.# ###### #.# #....#
#.# #....# #.# #....#
#.####....#################
####>.........................
#.....###....###...###########
#.....'.^....@Oa..............
#.....##########...###########
#.....# #.......## #.....#
#.....### #.....# #.....#
#.....# #.....# #######
####'## #.# #.##########


You could see an ogre and a worker ant.

Vanquished Creatures
  A necrophage (D:4)
  2 orc wizards (D:3)
  2 worker ants (D:4)
  A hound skeleton (D:4)
  5 adders
  An ooze (D:4)
  An adder skeleton (D:4)
  2 worms
  2 dart slugs
  3 leopard geckos
  15 orcs
  A ball python (D:2)
  7 giant cockroaches
  17 goblins
  6 hobgoblins
  13 jackals
  8 kobolds
  3 quokkas
  3 bats
  2 frilled lizards (D:1)
  A quokka skeleton (D:4)
  6 rats
102 creatures vanquished.

Notes
Turn   | Place    | Note
-------+----------+-------------------------------------------
     0 | D:1      | Gorglomux the Gargoyle Air Elementalist began the quest for the Orb.
     0 | D:1      | Reached XP level 1. HP: 10/10 MP: 3/3
   253 | D:1      | Reached XP level 2. HP: 16/16 MP: 0/5
   364 | D:1      | Reached skill level 1 in Fighting
   516 | D:1      | Reached skill level 1 in Maces & Flails
   869 | D:2      | Reached XP level 3. HP: 21/21 MP: 4/6
  1032 | D:2      | Noticed Sigmund
  1106 | D:2      | Reached skill level 2 in Fighting
  1302 | D:2      | Reached XP level 4. HP: 27/27 MP: 0/7
  2537 | D:3      | Reached skill level 3 in Fighting
  3051 | D:3      | Reached skill level 3 in Maces & Flails
  3051 | D:3      | Reached XP level 5. HP: 25/32 MP: 2/8
  3529 | D:3      | Reached skill level 4 in Fighting
  3839 | D:4      | Reached XP level 6. HP: 12/38 MP: 0/9
  4270 | D:4      | Found a staircase to the Ecumenical Temple.
  4281 | D:4      | Noticed a necrophage
  4321 | Temple   | Entered the Ecumenical Temple
  4360 | Temple   | Became a worshipper of Warmaster Okawaru
  4630 | D:4      | Killed a necrophage
  4885 | D:4      | Reached skill level 5 in Fighting
  4887 | D:4      | Slain by an ogre

Skill      XL: |  1  2  3  4  5  6 |
---------------+-------------------+-----
Fighting       | 1 2 3 4 5 |  5.0
Maces & Flails | 1 2 3 4 |  4.4
Armour         | |  0.9
Dodging        | |  1.5
Stealth        | |  2.1
Spellcasting   | |  2.0
Conjurations   | |  1.1
Air Magic      | |  2.4

Action                   |  1- 3 |  4- 6 || total
-------------------------+-------+-------++-------
Melee: Unarmed           |    15 |       ||    15
       Club              |    23 |    76 ||    99
       Mace              |       |    24 ||    24
 Fire: Hunting sling     |       |    41 ||    41
 Cast: Shock             |    55 |   153 ||   208
  Use: Scroll            |       |     6 ||     6
 Stab: Sleeping          |       |     3 ||     3
  Eat: Chunk             |     2 |    15 ||    17
Armor: Robe              |    18 |    55 ||    73
       Leather armour    |       |    17 ||    17
Dodge: Dodged            |    33 |   152 ||   185
